 Dungeon Sprint DCSS version 0.31-a0-325-g067879e3d3 (webtiles) character file.

Game seed: 1051325176653763633

7462 HallandMoats the Severer (level 10, 0/133 HPs)
             Began as a Demonspawn Monk on July 19, 2023.
             Was the Champion of Qazlal.
             Succumbed to Qihiff's poison
             ... in the Dungeon (Sprint V: "Ziggurat Sprint").
             The game lasted 00:04:57 (448 turns).

HallandMoats the Severer (Demonspawn Monk)           Turns: 448, Time: 00:04:58

Health: 0/133      AC: 24    Str: 17    XL:     10   Next: 94%
Magic:  1/14       EV:  6    Int: 15    God:    Qazlal [******]
Gold:   0          SH: 38    Dex: 15    Spells: 9/9 levels left

rFire   + + .        D - +16 obsidian axe {drain, demonic, Mesm Drain Fly SInv}
rCold   + + .        E - +18 shield of the Gong {Loud rN+ Will+ rCorr EV-5}
rNeg    + + .        k - +5 gold dragon scales
rPois   +            (helmet restricted)
rElec   +            (no cloak)
rCorr   +            (no gloves)
SInv    +            (no boots)
Will    +....        v - amulet of the acrobat Stlth
                     A - +6 ring of strength
HPRegen 0.42/turn    b - ring of Waegusm {rPois rN+ EV+5 Str-5 Int+3}
MPRegen 0.14/turn

%: no teleportation, repel missiles, acrobat
@: berserking (expiring), lethally poisoned (0 -> -1), resistant, protected from
physical damage, flying, mesmerised, hasted, silenced, very quick
A: horns 2, repulsion field 2, demonic magic 2
a: Renounce Religion


You were in the Dungeon.
You worshipped Qazlal.
Qazlal was exalted by your worship.
You visited 1 branch

Inventory:

Hand Weapons
 d - the +8 autumn katana {manifold assault}
   (You found it in the Dungeon)
 o - the +7 great mace "Undeadhunter" {deathbane, rN+}
   (You found it in the Dungeon)

   rN:        It protects you from negative energy.
 D - the +16 obsidian axe (weapon) {drain, demonic, Mesm Drain Fly SInv}
   (You found it in the Dungeon)

   Mesm:      Its wielder is mesmerised by any visible foes, and it cannot be
   unequipped while any foes are visible.
   SInv:      It lets you see invisible.
   Fly:       It grants you flight.
   Drain:     It drains your maximum health when unequipped.
Armour
 k - +5 gold dragon scales (worn)
 E - the +18 shield of the Gong (worn) {Loud rN+ Will+ rCorr EV-5}
   (You found it in the Dungeon)

   Loud:      It is deafeningly noisy when blocking attacks.
   EV:        It affects your evasion (-5).
   rN:        It protects you from negative energy.
   rCorr:     It protects you from acid and corrosion.
   Will:      It increases your willpower.
Jewellery
 b - the ring of Waegusm (right hand) {rPois rN+ EV+5 Str-5 Int+3}
   (You found it in the Dungeon)

   [ring of evasion]

   EV:        It affects your evasion (+5).
   Str:       It affects your strength (-5).
   Int:       It affects your intelligence (+3).
   rPois:     It protects you from poison.
   rN:        It protects you from negative energy.
 v - an amulet of the acrobat (around neck)
 z - a +6 ring of strength
 A - a +6 ring of strength (left hand)
Wands
 w - a wand of roots (5)
 B - a wand of mindburst (7)
 C - a wand of acid (7)
Scrolls
 a - 4 scrolls of enchant armour
 j - 4 scrolls of blinking
 q - 4 scrolls of amnesia
 r - 7 scrolls of fog
 s - 5 scrolls of identify
 t - 2 scrolls of fear
 u - a scroll of brand weapon
Potions
 c - a potion of ambrosia
 e - 8 potions of curing
 f - 10 potions of heal wounds
 g - 4 potions of haste
 h - 7 potions of magic
 i - 2 potions of berserk rage
 l - 2 potions of brilliance
 m - a potion of invisibility
 n - 4 potions of resistance
 p - 6 potions of might


   Skills:
 + Level 11.7 Fighting
 + Level 15.9 Axes
 + Level 7.4 Armour
 + Level 7.7 Dodging
 + Level 2.7 Stealth
 + Level 11.2 Shields
 + Level 5.3 Invocations


You had 9 spell levels left.
You didn't know any spells.
Your spell library contained the following spells:

 Spells                   Type           Power      Damage    Failure   Level
 Sandblast                Erth           0%         2d4       100%        1
 Passwall                 Tmut/Erth      0%         N/A       100%        2
 Call Canine Familiar     Summ           0%         N/A       100%        3
 Gell's Gravitas          Tloc           0%         N/A       100%        3
 Portal Projectile        Hex/Tloc       0%         N/A       100%        3
 Stone Arrow              Conj/Erth      0%         3d7       100%        3
 Teleport Other           Tloc           0%         N/A       100%        3
 Volatile Blastmotes      Fire/Tloc      0%         2d10      100%        3
 Fulminant Prism          Conj/Hex       0%         3d5       100%        4
 Iskenderun's Mystic Bla  Conj/Tloc      0%         2d3       100%        4
 Leda's Liquefaction      Hex/Erth       0%         N/A       100%        4
 Dispersal                Tloc           0%         N/A       100%        6


Dungeon Overview and Level Annotations

Branches:
Dungeon (1/1)

Altars:
Ashenzari
Cheibriados
Dithmenos
Fedhas
Gozag
Hepliaklqana
Kikubaaqudgha
Makhleb
Nemelex Xobeh
Okawaru
Qazlal
Ru
Sif Muna
Trog
Uskayaw
Vehumet
Wu Jian
Xom
Yredelemnul
Jiyva
Lugonu

Annotations:
D 1 transporter


Innate Abilities, Weirdness & Mutations

You have a pair of horns on your head.
You are surrounded by a moderate repulsion field. (EV +3)
Spells you cast may paralyse nearby enemies.


Message History

* * * LOW HITPOINT WARNING * * *
Unknown command.
You slice Qihiff!! You open a gate to Pandemonium!
A demon appears!
Your headbutt misses Qihiff.
Qihiff is lightly wounded.
You slash Zebifem! You hit Doavvoff.
Your fire elemental disappears in a puff of smoke!
Your smoke demon barely misses Qihiff. x2
Your smoke demon hits Qihiff but does no damage.
Your rust devil is engulfed in freezing vapours.
You block Qihiff's attack. You block Zebifem's attack.
You slash Qihiff!
Qihiff is lightly wounded.
You slice Doavvoff!! You slash Zebifem!
Visions of slaying Doavvoff flood into your mind.
* * * LOW HITPOINT WARNING * * *
You feel sick. Qihiff hits you but does no damage. Doavvoff gestures at you.
You barely resist.
Your rust devil hits Zebifem.
Your rust devil corrodes Zebifem!
Your rust devil hits Doavvoff!
You break out of your daze!
Doavvoff dies!
Qazlal accepts your kill.
Your smoke demon closely misses Qihiff. x2; Your smoke demon misses Qihiff.
You block Zebifem's attack.
Your life force feels restored.
Your Armour skill increases to level 7!
Your Shields skill increases to level 11!
Your Invocations skill increases to level 5!
You slash Qihiff!
Qihiff is moderately wounded.
You slash Zebifem!
Visions of slaying Zebifem flood into your mind.
You block Qihiff's attack. You block Zebifem's attack.
Unknown command.
You closely miss Qihiff.
Qihiff is moderately wounded.
You slash Zebifem!
Visions of slaying Qihiff flood into your mind.
You die...

▓▓▓▓▓▓▓▓▓
▓..8©8..▓
▓..=:[..▓
▓..)[)..▓
▓.......▓
▓.......▓
▓.○.☼.○.▓
▓.4&°4°.▓
▓.▓&@3▓.▓
▓..3©...▓
▓▓▓▓▓▓▓▓▓


You could see Qihiff (mesmerising, unsilenced, ally target), Zebifem (silencing,
clouds, unsilenced, corroded, ally target), a friendly soul eater (summoned,
unsilenced), 2 friendly rust devils and a friendly smoke demon (summoned,
unsilenced).

Vanquished Creatures
  A yaktaur captain (D)
  2 ironbound convokers (D)
  7 draconians (D)
  A rust devil (D)
  A vault sentinel (D)
  A yaktaur (D)
  A tarantella (D)
  2 slime creatures (D)
  A jumping spider (D)
  2 scorpions (D)
  2 quasits (D)
  2 white imps (D)
23 creatures vanquished.

Vanquished Creatures (collateral kills)
  A pandemonium lord (D)
  A golden eye (D)
  A jelly (D)
  2 endoplasms (D)
5 creatures vanquished.

Grand Total: 28 creatures vanquished

Notes
Turn   | Place    | Note
-------+----------+-------------------------------------------
     0 | D        | HallandMoats the Demonspawn Monk began the quest for the
                  | Orb.
     0 | D        | Reached XP level 1. HP: 18/18 MP: 1/1
     3 | D        | Found a blossoming altar of Fedhas.
     3 | D        | Found the +6 Majin-Bo {spellvamp, MP+6 Int+6}
     3 | D        | Found the +27 heavy crossbow "Sniper" {heavy, Acc+∞ SInv}
     3 | D        | Found the +10 dark maul {heavy}
     3 | D        | Found the +15 Maxwell's patent armour {-Cast -Tele rElec
                  | Will+ rCorr}
     3 | D        | Found the +18 shield of the Gong {Loud rN+ Will+ rCorr
                  | EV-5}
     3 | D        | Found the +16 obsidian axe {drain, demonic, Mesm Drain Fly
                  | SInv}
     3 | D        | Found the +7 great mace "Firestarter" {flame, immolate,
                  | rFlCloud rF++}
     3 | D        | Found the +6 shillelagh "Devastator" {shatter}
     3 | D        | Found the +11 plutonium sword {Contam Stlth-}
     3 | D        | Found the +8 lance "Wyrmbane" {slay drac, rPois rF+ rC+
                  | AC+3}
     3 | D        | Found the +9 sword of Zonguldrok {reap}
     3 | D        | Found the +13 scythe of Curses {drain, curses, Drain}
     3 | D        | Found the +9 sword of Power {lifebolt}
     3 | D        | Found the +7 mace of Variability {chaos, chaos arc}
     3 | D        | Found the +11 Singing Sword {sonic wave}
     3 | D        | Found the +8 storm bow {elec, penet}
     6 | D        | Found a shimmering blue altar of Sif Muna.
     6 | D        | Found a sacrificial altar of Ru.
     6 | D        | Found a bloodstained altar of Trog.
     6 | D        | Found a stormy altar of Qazlal.
     6 | D        | Found an iron altar of Okawaru.
     6 | D        | Found a sparkling altar of Nemelex Xobeh.
     8 | D        | Found a transporter.
     8 | D        | Found an ancient bone altar of Kikubaaqudgha.
     8 | D        | Found a viscous altar of Jiyva.
     8 | D        | Found a corrupted altar of Lugonu.
     8 | D        | Found a hazy altar of Hepliaklqana.
     8 | D        | Found a burning altar of Makhleb.
     8 | D        | Found an opulent altar of Gozag.
    65 | D        | Became a worshipper of Qazlal Stormbringer
    65 | D        | Reached * piety under Qazlal
    65 | D        | Reached ** piety under Qazlal
    71 | D        | Reached skill level 4 in Axes
    71 | D        | Gained mutation: You have a pair of small horns on your
                  | head. [demonic ancestry]
    71 | D        | Reached XP level 2. HP: 26/26 MP: 1/5
   118 | D        | Entered arena 2.
   118 | D        | Noticed a rust devil
   118 | D        | Found a transporter.
   126 | D        | Reached skill level 5 in Fighting
   126 | D        | Gained mutation: You are surrounded by a mild repulsion
                  | field. (EV +2) [demonic ancestry]
   126 | D        | Reached XP level 3. HP: 10/33 MP: 6/6
   131 | D        | Killed a rust devil
   132 | D        | Reached skill level 7 in Axes
   132 | D        | Reached skill level 1 in Stealth
   132 | D        | Gained mutation: You have a pair of horns on your head.
                  | [demonic ancestry]
   132 | D        | Reached XP level 4. HP: 16/43 MP: 7/7
   132 | D        | Reached XP level 5. HP: 18/48 MP: 8/8
   132 | D        | Gained mutation: Spells you cast may paralyse adjacent
                  | enemies. [demonic ancestry]
   132 | D        | Reached XP level 6. HP: 20/55 MP: 9/9
   261 | D        | Entered arena 3.
   261 | D        | Found the +8 autumn katana {manifold assault}
   261 | D        | Noticed a draconian
   261 | D        | Noticed a draconian
   261 | D        | Noticed a draconian
   261 | D        | Found a transporter.
   268 | D        | Killed a draconian
   269 | D        | Reached skill level 9 in Axes
   269 | D        | Reached skill level 5 in Shields
   269 | D        | Reached XP level 7. HP: 58/63 MP: 10/10
   270 | D        | Killed a draconian
   270 | D        | Reached *** piety under Qazlal
   270 | D        | Killed a draconian
   271 | D        | Reached skill level 10 in Axes
   271 | D        | Reached skill level 5 in Armour
   271 | D        | Reached XP level 8. HP: 66/71 MP: 11/11
   274 | D        | Got the ring of Waegusm {rPois rN+ EV+5 Str-5 Int+3}
   279 | D        | Entered arena 4.
   279 | D        | Found the +7 great mace "Undeadhunter" {deathbane, rN+}
   279 | D        | Noticed a tarantella
   279 | D        | Noticed a jumping spider
   279 | D        | Found a transporter.
   284 | D        | Killed a jumping spider
   284 | D        | Killed a tarantella
   284 | D        | Reached **** piety under Qazlal
   285 | D        | Reached skill level 11 in Axes
   296 | D        | Entered arena 5.
   296 | D        | Noticed a draconian
   296 | D        | Noticed a draconian
   296 | D        | Noticed a draconian
   296 | D        | Noticed a draconian
   296 | D        | Found a transporter.
   300 | D        | Killed a draconian
   301 | D        | Gained mutation: You are surrounded by a moderate repulsion
                  | field. (EV +3) [demonic ancestry]
   301 | D        | Reached XP level 9. HP: 78/78 MP: 12/12
   303 | D        | Killed a draconian
   304 | D        | Reached skill level 10 in Fighting
   304 | D        | Reached skill level 12 in Axes
   305 | D        | Killed a draconian
   305 | D        | Reached ***** piety under Qazlal
   306 | D        | Killed a draconian
   307 | D        | Reached skill level 13 in Axes
   313 | D        | Entered arena 6.
   313 | D        | Found a transporter.
   337 | D        | Entered arena 7.
   337 | D        | Noticed a vault sentinel
   337 | D        | Noticed an ironbound convoker
   337 | D        | Noticed a yaktaur captain
   337 | D        | Noticed an ironbound convoker
   337 | D        | Noticed a yaktaur
   338 | D        | Found a transporter.
   343 | D        | Killed a yaktaur captain
   343 | D        | Noticed a soul eater
   344 | D        | Reached skill level 14 in Axes
   344 | D        | Gained mutation: Spells you cast may paralyse nearby
                  | enemies. [demonic ancestry]
   344 | D        | Reached XP level 10. HP: 86/86 MP: 13/13
   344 | D        | Killed an ironbound convoker
   344 | D        | Reached ****** piety under Qazlal
   345 | D        | Reached skill level 10 in Shields
   346 | D        | Killed an ironbound convoker
   347 | D        | Reached skill level 15 in Axes
   348 | D        | Killed a vault sentinel
   421 | D        | Got the ring "Ipaoxz Robig" {Fire Int+4 Dex+3}
   431 | D        | Entered arena 8.
   431 | D        | Noticed Doavvoff the pandemonium lord
   431 | D        | Noticed Zebifem the pandemonium lord
   431 | D        | Noticed Qihiff the pandemonium lord
   432 | D        | Found a transporter.
   444 | D        | HP: 1/127 [Doavvoff the pandemonium lord (22)]
   446 | D        | Killed Doavvoff the pandemonium lord
   447 | D        | Reached skill level 5 in Invocations
   448 | D        | Succumbed to Qihiff's poison

Illustrated notes

Levels and vault maps discovered:
D:        sprint_v [room_start, room_1, room_2, room_3, room_4, room_5, room_6,
          room_7, room_8, room_9, room_10, room_11, room_12, room_13, room_14,
          room_15, room_16, room_17, room_18, room_19, room_20, room_21,
          room_22, room_23, room_24, room_25, room_26, room_27]

Skill      XL: |  1  2  3  4  5  6  7  8  9 10 |
---------------+-------------------------------+-----
Fighting       | 4 5 7 8 9 10 11 | 11.7
Axes           | 4 7 9 10 11 14 15 | 15.9
Armour         | 2 4 5 6 7 |  7.4
Dodging        | 4 6 7 |  7.7
Invocations    | 4 5 |  5.3
Stealth        | 1 2 |  2.7
Shields        | 3 5 6 8 9 11 | 11.2

Action                     |  1- 3 |  4- 6 |  7- 9 | 10-12 || total
---------------------------+-------+-------+-------+-------++-------
  Melee: Broad axe         |    12 |     5 |    20 |    28 ||    65
         Headbutt          |     1 |     2 |     5 |     4 ||    12
 Invoke: Elemental Force   |       |       |       |     1 ||     1
         Disaster Area     |       |       |       |     1 ||     1
    Use: Potion            |     2 |     1 |     2 |     2 ||     7
   Stab: Invisible         |     1 |       |       |       ||     1
 Armour: Gold dragon scale |    12 |     1 |     6 |     9 ||    28
  Dodge: Dodged            |     1 |       |       |     1 ||     2
  Block: Kite shield       |    32 |    12 |    35 |    35 ||   114

Table legend: (Time is in decaauts)
 A = Elapsed time spent in this place.
 B = Non-inter-level travel time spent in this place.
 C = Inter-level travel time spent in this place.
 D = Time resting spent in this place.
 E = Time spent auto-exploring this place.
 F = Levels seen in this place.
 G = Mean time per level.
                   A        B        C        D        E       F      G
               +--------+--------+--------+--------+--------+-----+--------+
         Total |    434 |    434 |      0 |    217 |      0 |   1 |  434.0 |
       Dungeon |    434 |    434 |      0 |    217 |      0 |   1 |  434.0 |
               +--------+--------+--------+--------+--------+-----+--------+

Top non-repeatable levels by time:
       D: 434 daAuts
